Map: Templo óseo EE

Players

Diego

  • Race: Protoss Protoss
  • League: Silver
  • Spawn Location: 12:00

Thefoxy

  • Race: Protoss Protoss
  • Spawn Location: 3:00

ACastillo

  • Race: Protoss Protoss
  • League: Platinum
  • Spawn Location: 1:00

MrFercho - Winner!

  • Race: Zerg Zerg
  • League: Silver
  • Spawn Location: 7:00

tigro - Winner!

  • Race: Terran Terran
  • League: Bronze
  • Spawn Location: 7:00

TATORREA - Winner!

  • Race: Protoss Protoss
  • League: Gold
  • Spawn Location: 6:00

VOD

Have the link to the VOD?

Description

Time

  • Played on: July 4, 2020, 10:21 p.m.
  • Length: 18:30
Show
View Real Time Build Order
Export as new Build Order

Diego Protoss 

Build Orders:  

Get SALT Encoding   

  12  0:02  Probe  
  13  0:16  Pylon  
  13  0:18  Probe  
  14  0:30  Probe  
  15  0:38  Gateway  
  15  0:47  Gateway  
  15  0:57  Probe  
  15  1:01  Assimilator  
  16  1:09  Probe  
  17  1:21  Probe  
  18  1:26  Cybernetics Core  
  18  1:29  Pylon  
  18  1:33  Probe  
  19  1:51  Assimilator  
  19  1:52  Probe  
  19  1:54  Stalker  
  20  2:04  Probe  
  23  2:11  Gateway  
  23  2:16  Probe  
  24  2:24  Warp Gate  
  24  2:28  Stalker, Probe  
  27  2:56  Pylon  
  27  3:01  Nexus  
  27  3:08  Robotics Facility  
  27  3:15  Forge  
  27  3:50  Robotics Facility  
  27  4:00  Robotics Bay  
  27  4:06  Pylon  
  27  4:13  Pylon  
  27  4:21  Probe x2  
  29  4:24  Assimilator  
  29  4:33  Probe x2  
  29  4:35  Stalker x3  
  37  4:45  Probe  
  38  4:46  Probe  
  39  4:53  Disruptor  
  39  4:57  Probe  
  43  5:00  Disruptor  
  46  5:09  Assimilator, Probe  
  47  5:21  Probe  
  47  5:27  Stalker x2  
  52  5:33  Probe  
  52  5:35  Stalker  
  55  5:43  Disruptor  
  58  5:54  Gateway  
  58  5:57  Gateway  
  58  5:59  Probe  
  58  6:03  Probe  
  60  6:10  Probe  
  60  6:12  Probe  
  60  6:18  Probe  
  62  6:20  Probe  
  62  6:23  Disruptor  
  67  6:26  Stalker  
  69  6:34  Pylon  
  69  6:35  Pylon  
  69  6:47  Pylon  
  69  6:52  Gateway  
  69  7:07  Stalker x2  
  69  7:08  Stalker x3  
  77  7:13  Observer  
  77  7:15  Gravitic Boosters  
  80  7:16  Observer  
  81  7:32  Pylon  
  81  7:42  Twilight Council  
  81  7:47  Pylon x2  
  81  7:59  Disruptor x2  
  81  8:00  Stalker  
  81  8:01  Stalker x3  
  81  8:05  Stalker  
  97  8:17  Stalker  
  86  8:59  Stalker x2  
  86  9:00  Stalker x4  
  86  9:02  Disruptor  
  70  9:11  Disruptor  
  73  9:42  Disruptor  
  73  9:43  Disruptor  
  79  10:21  Stalker  
  79  10:22  Gateway, Stalker x3  
  79  10:23  Stalker x2  
  79  10:24  Gateway  
  91  10:32  Disruptor  
  91  10:34  Nexus  
  94  10:41  Observer  
  94  10:44  Observer  
  95  11:03  Observer  
  95  11:10  Disruptor  
  98  11:12  Disruptor  
  98  11:17  Stalker  
  98  11:18  Stalker x3  
  105  11:21  Stalker  
  111  11:47  Observer  
  111  11:49  Stalker x3, Observer  
  99  12:33  Stalker x5  
  99  12:34  Stalker x3  
  113  13:03  Blink  
  99  14:02  Stalker  
  99  14:03  Stalker x6  
  99  14:04  Stalker  
  90  14:23  Disruptor x2  
  70  14:28  Stalker x3  
  70  14:29  Zealot x2  
  70  14:30  Zealot x3  
  59  14:51  Stalker x4  
  61  14:59  Disruptor x2  
  59  15:01  Pylon  
  59  15:02  Observer x3  
  51  15:32  Stalker x4  
  51  15:33  Stalker  
  61  15:49  Probe  
  62  16:01  Probe  
  63  16:04  Stalker  
  63  16:05  Stalker  
  67  16:12  Stalker  
  67  16:13  Probe  
  70  16:24  Assimilator  
  70  16:25  Assimilator, Probe  
  71  16:35  Stalker x2  
  75  16:41  Assimilator  
  75  16:43  Probe  
  76  16:52  Stalker  
  78  16:55  Stalker  
  62  17:24  Stalker x4  
  62  17:25  Stalker  
Show
View Real Time Build Order
Export as new Build Order

Thefoxy Protoss 

Build Orders:  

Get SALT Encoding   

  12  0:03  Probe  
  13  0:15  Pylon  
  13  0:50  Gateway  
  13  0:55  Gateway  
  13  1:23  Pylon  
  13  1:47  Assimilator  
  13  1:59  Cybernetics Core  
  13  2:09  Zealot  
  13  2:12  Zealot  
  17  2:18  Probe  
  18  2:31  Probe  
  18  2:35  Assimilator  
  19  2:37  Warp Gate  
  19  2:43  Probe  
  20  2:55  Probe  
  21  2:59  Pylon  
  21  3:07  Pylon, Probe  
  22  3:17  Stalker  
  22  3:19  Stalker, Probe  
  27  3:31  Probe  
  28  3:43  Probe  
  29  3:52  Stalker  
  29  3:54  Stalker  
  33  4:12  Nexus  
  33  4:18  Probe  
  34  4:37  Pylon  
  34  4:46  Gateway  
  34  4:54  Gateway  
  34  5:02  Gateway  
  34  5:12  Stalker  
  36  5:17  Stalker  
  38  5:40  Probe  
  39  5:52  Probe  
  40  5:57  Stalker  
  40  5:58  Stalker  
  40  5:59  Stalker  
  46  6:04  Probe  
  47  6:16  Probe  
  48  6:19  Robotics Facility  
  48  6:25  Pylon  
  48  6:28  Probe  
  49  6:36  Forge  
  49  6:40  Probe  
  50  7:18  Probe  
  51  7:24  Stalker x4  
  51  7:25  Stalker  
  61  7:30  Probe  
  62  8:04  Probe  
  63  8:11  Assimilator  
  63  8:16  Assimilator, Probe  
  63  8:17  Stalker x2  
  63  8:18  Stalker x2  
  63  8:19  Stalker  
  74  8:29  Probe  
  71  8:41  Probe  
  72  8:52  Robotics Bay  
  72  8:55  Stalker x3  
  78  9:07  Pylon  
  78  9:10  Pylon  
  78  9:13  Pylon  
  78  9:22  Pylon  
  78  9:29  Pylon  
  78  9:36  Pylon  
  78  9:48  Probe  
  78  9:52  Colossus  
  85  10:08  Probe  
  86  10:20  Probe  
  87  10:32  Probe  
  88  10:41  Protoss Ground Weapons Level 1  
  88  10:45  Colossus  
  94  10:56  Forge  
  94  10:58  Stalker x4  
  94  10:59  Stalker  
  104  11:25  Extended Thermal Lance  
  104  11:39  Colossus  
  110  11:54  Stalker x2  
  110  11:55  Stalker x3  
  118  12:32  Colossus  
  116  12:50  Protoss Ground Armor Level 1  
  106  13:26  Colossus  
  112  13:36  Stalker  
  114  13:44  Stalker  
  114  13:45  Stalker x3  
  50  14:19  Stalker x2  
  50  14:20  Stalker, Immortal  
  60  14:34  Stalker x2  
  56  14:56  Stalker x2  
  56  14:57  Stalker  
  56  14:58  Colossus  
  60  15:34  Stalker  
  62  15:41  Stalker  
  64  15:52  Gateway, Colossus  
  70  16:00  Gateway  
  70  16:04  Gateway  
  70  16:11  Gateway  
  70  16:18  Gateway  
  70  16:31  Nexus  
  70  16:45  Colossus  
  76  16:48  Stalker  
  76  16:49  Stalker x3  
  84  17:16  Stalker x5  
  84  17:17  Stalker  
  84  17:18  Stalker  
  104  17:47  Stalker x3  
  104  17:48  Stalker x3  
Show
View Real Time Build Order
Export as new Build Order

ACastillo Protoss 

Build Orders: Cannon Rush, Carriers 

Get SALT Encoding   

  1  0:00  Probe  
  13  0:13  Probe  
  14  0:26  Pylon  
  14  0:30  Probe  
  15  0:41  Assimilator  
  15  0:49  Forge  
  15  0:57  Probe  
  16  1:09  Probe  
  17  1:35  Photon Cannon  
  17  1:38  Photon Cannon  
  17  1:42  Photon Cannon  
  17  1:46  Photon Cannon  
  17  1:57  Assimilator  
  17  2:04  Pylon  
  17  2:28  Gateway  
  17  2:33  Photon Cannon  
  17  2:36  Photon Cannon  
  17  2:40  Pylon  
  17  2:50  Pylon  
  17  2:52  Probe  
  18  3:00  Probe  
  19  3:19  Probe, Cybernetics Core  
  20  3:27  Probe  
  21  3:36  Probe  
  22  3:58  Stargate  
  22  4:02  Stargate  
  22  4:11  Probe  
  23  4:20  Nexus  
  23  4:27  Assimilator, Probe  
  24  4:35  Probe  
  24  4:45  Probe  
  30  4:54  Oracle  
  30  4:56  Oracle  
  32  5:04  Assimilator  
  32  5:06  Probe  
  33  5:18  Probe  
  34  5:24  Oracle  
  34  5:25  Oracle  
  40  5:48  Probe  
  40  5:56  Probe  
  41  5:58  Oracle, Probe  
  46  6:05  Pylon, Probe  
  46  6:09  Pylon  
  47  6:17  Stargate  
  47  6:29  Fleet Beacon  
  35  7:23  Carrier  
  35  7:24  Carrier  
  35  7:25  Carrier  
  35  7:28  Probe  
  53  7:36  Probe  
  55  7:45  Probe  
  55  7:46  Protoss Air Weapons Level 1  
  55  7:50  Pylon  
  56  7:52  Pylon  
  56  8:25  Probe  
  56  8:27  Carrier  
  56  8:33  Probe  
  64  8:42  Carrier  
  64  8:43  Probe  
  71  8:55  Probe  
  71  8:59  Carrier  
  72  9:07  Probe  
  79  9:21  Probe  
  79  9:29  Probe  
  80  9:34  Carrier  
  80  9:36  Carrier  
  93  10:04  Pylon  
  93  10:05  Pylon  
  93  10:09  Pylon  
  93  10:11  Pylon  
  93  10:22  Carrier  
  99  10:38  Carrier  
  99  10:39  Protoss Air Weapons Level 2  
  105  10:57  Carrier  
  111  11:02  Pylon  
  111  11:04  Pylon  
  111  11:16  Nexus  
  111  11:20  Assimilator  
  111  11:24  Assimilator  
  111  11:35  Carrier  
  108  13:48  Probe  
  88  13:55  Pylon  
  49  15:47  Probe  
  20  15:58  Pylon  
  20  15:59  Probe  
  20  16:00  Pylon  
  20  16:02  Pylon  
  15  16:06  Pylon  
  15  16:08  Pylon  
  15  16:09  Probe  
  15  16:17  Probe  
  17  16:26  Probe  
  18  16:38  Probe  
  18  16:39  Cybernetics Core  
  19  16:50  Probe  
Show
View Real Time Build Order
Export as new Build Order

MrFercho Zerg - Winner!

Build Orders: Hatch First, Lurkers 

Get SALT Encoding   

  12  0:01  Drone  
  13  0:13  Overlord  
  13  0:18  Drone  
  14  0:31  Drone x2  
  16  0:59  Drone  
  17  1:17  Hatchery  
  16  1:21  Drone  
  17  1:28  Spawning Pool, Drone  
  17  1:29  Drone  
  17  1:32  Drone  
  19  1:36  Extractor  
  18  2:01  Drone  
  18  2:06  Drone x2  
  22  2:15  Drone  
  22  2:27  Overlord  
  22  2:28  Queen  
  22  2:29  Queen  
  26  2:30  Overlord  
  26  2:37  Drone  
  27  2:40  Drone  
  28  2:56  Drone x2  
  28  2:58  Drone  
  31  3:01  Drone  
  32  3:07  Lair  
  32  3:13  Drone x2  
  34  3:21  Drone  
  34  3:23  Drone  
  36  3:27  Extractor  
  36  3:28  Extractor  
  34  3:39  Drone x5  
  39  3:45  Overlord x2  
  39  3:46  Overlord  
  39  3:55  Drone x2  
  41  3:56  Drone  
  41  3:59  Drone  
  43  4:06  Drone  
  43  4:07  Hatchery  
  43  4:22  Drone x5  
  43  4:23  Hydralisk Den, Drone x2  
  49  4:28  Extractor  
  48  4:32  Drone  
  48  4:34  Drone  
  48  4:38  Pneumatized Carapace  
  50  4:50  Drone x5  
  55  5:10  Grooved Spines  
  55  5:15  Lurker Den  
  55  5:18  Drone x6, Spire  
  59  5:22  Overlord  
  59  5:34  Drone x3  
  62  5:37  Drone  
  62  5:38  Drone x5  
  62  5:41  Spore Crawler  
  67  5:46  Drone  
  67  5:47  Spine Crawler, Drone x2  
  67  5:48  Overseer, Spine Crawler  
  68  5:51  Spine Crawler  
  68  5:54  Extractor x2, Drone x2  
  67  5:57  Overlord  
  67  6:06  Spore Crawler  
  66  6:12  Spine Crawler  
  66  6:13  Spine Crawler, Drone x4  
  66  6:14  Spine Crawler  
  67  6:21  Muscular Augments  
  67  6:24  Infestation Pit  
  66  6:28  Drone x3  
  66  6:30  Evolution Chamber  
  68  6:33  Hydralisk, Evolution Chamber  
  68  6:34  Hydralisk x7  
  65  7:09  Drone  
  65  7:10  Drone x6  
  65  7:11  Drone x2  
  73  7:17  Zerg Ground Armor Level 1, Zerg Missile Weapons Level 1  
  73  7:23  Hive  
  73  7:30  Hydralisk  
  73  7:31  Hydralisk x7  
  73  7:32  Overlord  
  73  7:33  Nydus Network  
  88  7:38  Queen  
  90  7:45  Overseer  
  90  7:53  Spore Crawler  
  90  7:56  Spore Crawler x2  
  87  8:01  Drone x2, Spine Crawler  
  87  8:02  Spine Crawler x2, Drone x4  
  90  8:11  Hydralisk x3  
  96  8:50  Overlord x12  
  96  8:57  Seismic Spines  
  96  9:00  Hatchery, Greater Spire  
  95  9:10  Lurker  
  95  9:11  Lurker x9  
  105  9:18  Drone x2  
  107  9:29  Drone  
  107  9:30  Drone x2  
  110  9:31  Hydralisk  
  110  9:32  Hydralisk x6  
  110  9:33  Hatchery  
  123  9:43  Hydralisk  
  123  9:44  Hydralisk x3  
  131  9:54  Adaptive Talons  
  131  9:56  Extractor  
  130  10:02  Extractor  
  129  10:12  Hydralisk x8  
  129  10:13  Hydralisk  
  147  10:30  Drone x3  
  147  10:33  Drone  
  147  10:34  Drone  
  152  10:51  Hydralisk x7  
  152  10:52  Hydralisk x2  
  170  11:07  Hydralisk x4  
  170  11:08  Hydralisk x5  
  188  11:23  Overlord x3  
  188  11:46  Zerg Missile Weapons Level 2, Zerg Ground Armor Level 2  
  188  12:24  Hydralisk x6  
  200  12:41  Nydus Canal  
  200  13:01  Nydus Canal  
  162  14:13  Hydralisk x6  
  162  14:15  Corruptor x11  
  178  14:38  Corruptor x10  
  125  15:29  Zergling x30  
  127  15:54  Hydralisk x10  
  147  16:33  Adrenal Glands  
  147  17:12  Hydralisk x18  
  147  17:13  Hydralisk x6  
  185  17:17  Queen  
  181  17:36  Hatchery  
  178  17:37  Brood Lord  
  178  17:38  Brood Lord x3  
  178  17:39  Extractor  
  178  17:42  Extractor  
Show
View Real Time Build Order
Export as new Build Order

tigro Terran - Winner!

Build Orders:  

Get SALT Encoding   

  12  0:03  SCV  
  13  0:15  SCV  
  14  0:32  SCV  
  15  0:43  Supply Depot, Refinery  
  15  1:04  SCV  
  15  1:07  Supply Depot  
  16  1:16  SCV  
  17  1:20  Barracks  
  17  1:29  SCV  
  18  1:39  Refinery  
  18  1:41  SCV  
  19  1:53  SCV  
  20  2:05  SCV  
  21  2:08  Barracks, Marine  
  22  2:17  SCV  
  23  2:26  Marine  
  23  2:29  SCV  
  25  2:30  Engineering Bay  
  25  2:44  Marine  
  26  2:51  Command Center  
  26  2:58  Factory  
  26  3:02  Marine  
  26  3:03  Orbital Command  
  27  3:11  Terran Infantry Weapons Level 1  
  27  3:18  Barracks Tech Lab  
  27  3:20  Marine  
  28  3:39  Barracks Reactor  
  28  3:44  Factory Tech Lab  
  28  3:51  Starport  
  28  4:05  Combat Shield  
  28  4:07  Refinery  
  28  4:08  Marine  
  29  4:26  Marine, SCV  
  29  4:30  Starport  
  32  4:38  SCV  
  32  4:46  Medivac  
  32  4:50  SCV  
  35  4:56  Refinery  
  35  5:02  SCV  
  35  5:03  Siege Tank  
  35  5:05  Terran Infantry Armor Level 1  
  39  5:14  SCV  
  39  5:20  Starport Tech Lab  
  40  5:24  Stimpack, Starport Tech Lab  
  40  5:26  SCV  
  41  5:35  Siege Tank  
  44  5:39  SCV  
  45  5:51  SCV  
  46  6:03  SCV  
  47  6:07  Siege Tank  
  50  6:12  Fusion Core  
  50  6:15  SCV  
  50  6:18  Marine x3  
  54  6:27  SCV  
  55  6:36  Marine x3  
  55  6:39  SCV  
  59  6:41  Cyclone  
  62  7:01  Armory  
  62  7:18  Missile Turret  
  62  7:29  Weapon Refit  
  62  7:34  Hi-Sec Auto Tracking  
  62  7:39  Missile Turret  
  62  8:01  Supply Depot  
  62  8:02  Terran Vehicle Weapons Level 1  
  62  8:22  Marine x3  
  62  8:23  SCV  
  62  8:24  Supply Depot  
  66  8:31  Neosteel Armor  
  66  8:35  SCV  
  66  8:40  Marine x3  
  70  8:47  Supply Depot, SCV  
  70  8:58  Marine x3  
  70  8:59  SCV  
  64  9:09  Rapid Reignition System  
  64  9:10  Supply Depot  
  64  9:11  SCV  
  64  9:16  Marine x3  
  68  9:28  Battlecruiser x2  
  80  9:34  Marine x3  
  83  9:52  Marine x3  
  86  9:56  Terran Vehicle And Ship Armor Level 1  
  86  10:02  Supply Depot  
  86  10:09  Marine x3  
  89  10:24  Supply Depot  
  89  10:27  Marine  
  90  10:32  Battlecruiser  
  90  10:33  Marine x2  
  98  10:37  Command Center  
  98  10:45  Marine  
  98  10:46  Supply Depot  
  99  10:51  Marine x2  
  101  11:03  Marine  
  102  11:08  Marine  
  102  11:09  Marine  
  102  11:10  Terran Infantry Weapons Level 2  
  104  11:21  Marine  
  105  11:26  Marine x2  
  107  11:38  Marine  
  108  11:44  Marine x2  
  108  11:47  Battlecruiser  
  116  11:49  Battlecruiser  
  116  11:50  Terran Ship Weapons Level 1  
  116  11:53  Thor  
  128  11:56  Marine  
  129  12:02  Marine x2  
  131  12:14  Marine  
  132  12:20  Marine x2  
  97  12:32  Marine  
  56  13:22  Marine x3  
  56  13:26  Terran Infantry Armor Level 2  
  65  13:27  Battlecruiser x2  
  64  13:40  Marine x3  
  61  13:44  Terran Vehicle Weapons Level 2  
  61  13:57  Marine  
  61  13:58  Marine x2  
  64  14:15  Marine x3  
  67  14:29  Refinery  
  67  14:31  Battlecruiser x2  
  67  14:33  Marine x3  
  67  14:36  Refinery  
  76  14:51  Marine x3  
  67  15:09  Marine  
  62  15:19  Marine x2  
  63  15:22  Missile Turret  
  63  15:27  Marine  
  62  15:35  Medivac  
  64  15:36  Battlecruiser  
  64  15:37  Marine x2  
  64  15:41  Missile Turret  
  64  15:42  Terran Infantry Weapons Level 3  
  70  15:45  Marine  
  71  15:55  Marine x2  
  73  16:01  Missile Turret  
  73  16:02  Marine  
  74  16:05  Battlecruiser  
  74  16:08  SCV  
  81  16:13  Marine  
  82  16:20  SCV  
  82  16:21  Missile Turret  
  83  16:31  Marine x3  
  83  16:32  SCV  
  87  16:40  Battlecruiser  
  87  16:44  SCV  
  94  16:49  Marine x3  
  97  16:56  SCV  
  98  17:07  Marine x3  
  101  17:09  Medivac  
  103  17:25  Marine x3  
  106  17:43  Marine  
  106  18:00  Marine x2  
  106  18:01  Marine  
Show
View Real Time Build Order
Export as new Build Order

TATORREA Protoss - Winner!

Build Orders: 1 Gate Expand 

Get SALT Encoding   

  12  0:01  Probe  
  13  0:13  Probe  
  14  0:22  Pylon  
  14  0:25  Probe  
  15  0:40  Probe  
  16  0:43  Gateway  
  16  0:52  Probe  
  17  1:00  Assimilator  
  17  1:04  Probe  
  17  1:06  Pylon  
  18  1:12  Probe  
  19  1:21  Probe  
  20  1:33  Probe  
  21  1:44  Nexus  
  21  1:46  Probe  
  22  1:55  Assimilator  
  22  1:58  Probe  
  23  2:03  Cybernetics Core  
  23  2:10  Probe  
  23  2:25  Probe  
  24  2:42  Gateway  
  24  2:44  Gateway, Probe  
  25  2:46  Gateway  
  25  2:53  Probe  
  25  2:54  Probe  
  27  3:03  Warp Gate  
  27  3:04  Stalker  
  29  3:13  Robotics Facility  
  29  3:15  Pylon  
  29  3:19  Probe  
  30  3:20  Pylon  
  30  3:22  Probe  
  31  3:31  Probe  
  31  3:34  Sentry, Probe  
  35  3:44  Stalker, Probe  
  35  3:45  Stalker  
  35  3:48  Probe  
  41  3:52  Sentry  
  43  4:01  Pylon  
  43  4:02  Probe x2  
  45  4:04  Pylon  
  45  4:15  Stargate  
  45  4:19  Probe x2  
  47  4:25  Assimilator  
  47  4:29  Assimilator  
  47  4:31  Probe x2  
  49  4:50  Probe x2  
  51  5:00  Pylon, Nexus  
  51  5:02  Probe x2  
  51  5:04  Pylon  
  53  5:08  Stargate  
  53  5:10  Stargate  
  54  5:14  Probe x2  
  54  5:15  Observer  
  56  5:26  Probe x2  
  58  5:46  Protoss Air Weapons Level 1, Stalker x2  
  58  5:47  Stalker x2  
  66  5:51  Immortal  
  70  5:58  Phoenix  
  72  6:05  Probe  
  72  6:06  Probe  
  74  6:18  Probe x2  
  76  6:25  Probe  
  77  6:30  Probe x2  
  79  6:37  Probe  
  79  6:38  Pylon  
  80  6:40  Assimilator  
  80  6:41  Assimilator, Pylon, Nexus  
  80  6:42  Probe x2  
  82  6:49  Probe  
  82  6:50  Pylon  
  83  6:54  Fleet Beacon  
  83  6:56  Pylon  
  83  7:13  Probe  
  83  7:14  Probe x2  
  86  7:21  Stalker x2  
  86  7:22  Stalker x2  
  94  7:25  Immortal  
  94  7:28  Phoenix x3  
  104  7:33  Probe x3  
  107  7:49  Probe x2  
  107  7:50  Probe  
  110  8:01  Pylon, Probe x2  
  110  8:02  Probe  
  110  8:03  Pylon  
  110  8:04  Pylon  
  113  8:06  Probe  
  113  8:10  Stalker  
  113  8:11  Stalker x3, Pylon  
  113  8:12  Pylon  
  122  8:13  Probe x2  
  122  8:14  Void Ray, Assimilator, Probe  
  122  8:15  Void Ray  
  122  8:19  Assimilator  
  133  8:20  Void Ray  
  115  9:11  Probe x4  
  119  9:22  Pylon  
  119  9:25  Gateway x2  
  119  9:28  Gateway, Unknown  
  119  9:30  Void Ray  
  119  9:31  Void Ray x2  
  131  10:01  Cybernetics Core  
  131  10:04  Nexus  
  131  10:05  Forge  
  131  10:06  Forge  
  131  10:07  Pylon  
  131  10:08  Pylon  
  131  10:10  Forge  
  131  10:13  Void Ray x3  
  143  10:14  Twilight Council  
  143  10:22  Stalker  
  143  10:23  Stalker  
  143  10:25  Anion Pulse-Crystals  
  143  10:26  Protoss Air Weapons Level 2  
  147  10:30  Assimilator  
  147  10:35  Assimilator  
  147  10:42  Gateway  
  147  10:44  Gateway  
  147  10:46  Gateway  
  147  10:51  Stalker x3  
  147  10:52  Stalker x2  
  147  10:54  Zealot  
  147  10:55  Gateway  
  147  10:56  Void Ray x3  
  171  10:57  Gateway  
  171  10:58  Gateway  
  171  11:02  Gateway  
  171  11:07  Protoss Ground Armor Level 1, Protoss Air Armor Level 1, Protoss Ground Weapons Level 1, Protoss Shields Level 1  
  171  11:14  Charge  
  171  11:33  Photon Cannon  
  171  11:36  Photon Cannon  
  171  11:37  Shield Battery  
  171  11:39  Void Ray x3  
  183  11:45  Photon Cannon  
  183  11:48  Photon Cannon  
  183  11:50  Photon Cannon  
  183  11:52  Photon Cannon  
  183  11:54  Photon Cannon  
  183  11:56  Photon Cannon  
  183  11:57  Stalker x3  
  183  11:58  Stalker x5, Shield Battery  
  183  12:01  Shield Battery  
  90  12:51  Phoenix x3  
  68  13:09  Protoss Air Armor Level 2  
  67  13:15  Phoenix  
  67  13:16  Phoenix x2  
  67  13:17  Stalker x4  
  67  13:18  Stalker x2  
  69  13:24  Probe x2  
  70  13:32  Probe  
  71  13:36  Probe x2  
  73  13:44  Probe  
  73  13:45  Nexus  
  73  13:48  Pylon, Probe x2  
  76  13:51  Pylon  
  76  13:56  Probe  
  76  14:00  Probe x2, Nexus  
  85  14:03  Pylon  
  85  14:05  Pylon  
  85  14:08  Probe  
  81  14:12  Probe  
  26  15:20  Probe  
  24  15:49  Assimilator  
  24  15:55  Probe  
  24  15:56  Assimilator  
  25  16:03  Probe  
  26  16:12  Gateway  
  26  16:13  Probe  
  26  16:16  Probe  
  28  16:27  Probe  
  28  16:28  Probe  
  30  16:41  Probe x2  
  32  16:48  Assimilator  
  32  17:02  Nexus  
  32  17:04  Probe  
  32  17:07  Probe  
  34  17:14  Pylon  
  34  17:18  Probe  
  34  17:19  Probe  
  36  17:33  Probe  
  36  17:34  Probe  
  38  17:44  Nexus  
  38  17:47  Probe  
  38  17:48  Probe  
  40  18:00  Probe  
  40  18:03  Gateway  
  40  18:04  Probe  
  42  18:15  Probe  
  42  18:17  Probe  
  42  18:18  Probe  
  45  18:21  Stalker  
Tags
 
Add a new tag
Caveats
  • Supply blocks, unpowered buildings, or Contaminate may cause inaccurate times.
  • Supply counts are checked every 10 seconds.